 Dungeon Crawl Stone Soup version 0.19-a0-1203-g7dfd8ee (webtiles) character file.

4100 rageheart7 the Grappler (level 10, -7/88 HPs)
             Began as a Ghoul Monk on Aug 20, 2016.
             Was an Elder of Okawaru.
             Shot with an arrow by a centaur (16 damage)
             ... on level 8 of the Dungeon.
             The game lasted 00:17:50 (8178 turns).

rageheart7 the Grappler (Ghoul Monk)                Turns: 8178, Time: 00:17:51

Health: -7/88      AC:  4    Str: 19    XL:     10   Next: 26%
Magic:  9/9        EV: 11    Int:  5    God:    Okawaru [****..]
Gold:   431        SH:  3    Dex: 11    Spells: 0 memorised, 9 levels left

rFire  + . .     SeeInvis .       - Unarmed
rCold  + . .     Gourm    .     h - +0 leather armour
rNeg   + + +     Faith    .     c - +0 buckler
rPois  ∞         Spirit   .     (no helmet)
rElec  .         Dismiss  +     (no cloak)
rCorr  .         Reflect  .     (no gloves)
MR     .....     Harm     .     x - +0 pair of boots
Stlth  +++.......               m - amulet of dismissal
                                E - ring of flight
                                g - ring of protection from fire

@: rotting
A: rotting body, claws 1, carnivore 3, cold resistance 1, negative energy
resistance 3, slow regeneration 1, torment resistance, unbreathing
a: Heroism, Renounce Religion, Evoke Flight


You were on level 8 of the Dungeon.
You worshipped Okawaru.
Okawaru was greatly pleased with you.
You were not hungry.

You visited 1 branch of the dungeon, and saw 8 of its levels.
You also visited: Ossuary.

You collected 431 gold pieces.

Inventory:

Armour
 c - a +0 buckler (worn)
 h - a +0 leather armour (worn)
 l - a +0 ring mail
 x - a +0 pair of boots (worn)
Jewellery
 g - a ring of protection from fire (left claw)
 m - an amulet of dismissal (around neck)
 t - an uncursed ring of wizardry
 E - a ring of flight (right claw)
Wands
 o - a wand of paralysis (7/24)
 y - a wand of lightning (6/15)
 z - a wand of heal wounds (5/9)
 C - a wand of flame (33/48)
 F - a wand of flame (18/48)
 I - a wand of slowing (31/48)
Scrolls
 a - 2 scrolls of fog
 d - a scroll of amnesia
 s - 4 scrolls of remove curse
 v - 2 scrolls of teleportation
 A - 2 scrolls of magic mapping
 G - a scroll of enchant weapon
 H - a scroll of identify
Potions
 e - 2 potions of agility
 i - 2 potions of might
 n - a potion of haste
 q - a potion of berserk rage {unknown}
 r - 2 potions of flight
 u - a potion of degeneration {unknown}
 w - a potion of resistance {unknown}
 B - a potion of invisibility {unknown}
 D - a potion of brilliance {unknown}
Books
 k - a book of the Warp

   Spells                             Type                      Level
   a - Gell's Gravitas                Hexes/Translocation          3
   b - Force Lance                    Conjuration/Translocation    4
   c - Summon Forest                  Summoning/Translocation      5
   d - Dispersal                      Translocation                6
   e - Controlled Blink               Translocation                8
   f - Disjunction                    Translocation                8
 p - the Catalogue of Fiery Calling
   (You found it on level 5 of the Dungeon)

   Spells                             Type                      Level
   a - Summon Small Mammal            Summoning                    1
   b - Summon Guardian Golem          Hexes/Summoning              3
   c - Bolt of Magma                  Conjuration/Fire/Earth       5
Comestibles
 b - 3 meat rations
 j - 4 chunks of flesh


   Skills:
 * Level 7.8 Fighting
 + Level 0.5 Armour
 + Level 2.9 Dodging
 - Level 5.3 Stealth
 - Level 13.3 Unarmed Combat


You had 9 spell levels left.
You didn't know any spells.

Dungeon Overview and Level Annotations

Branches:
Dungeon (8/15)             Temple (0/1) D:7
   Lair: D:8-11

Altars:
Dithmenos
Fedhas
Gozag
Kikubaaqudgha
Okawaru
Qazlal
Uskayaw
Yredelemnul
Zin
The Shining One
Beogh


Innate Abilities, Weirdness & Mutations

Your body is rotting away.
You thrive on raw meat.
You are immune to poison.
You have sharp fingernails.
You are carnivorous and can eat meat at any time.
Your flesh is cold resistant. (rC+)
You are immune to negative energy. (rN+++)
You regenerate slowly when monsters are visible.
You are immune to unholy pain and torment.
You can survive without breathing.


Message History

You start resting.
A wyvern comes into view.
A wyvern is nearby!
You feel better. The wyvern bites you!
* * * LOW HITPOINT WARNING * * *
A centaur comes into view.
You feel better.
The wyvern bites you but does no damage.
The wyvern bites you!
* * * LOW HITPOINT WARNING * * *
Your amulet of dismissal vibrates suddenly!
The wyvern disappears!
You are too injured to fight recklessly!
You see here a giant frog skeleton.
Okay, then.
You are too injured to fight recklessly!
You are too injured to fight recklessly!
The centaur shouts!
The centaur wields a shortbow.
The centaur shoots an arrow.
The arrow hits you!
You die...

## .. .###.####
.....c...#
#..#.##@######.
#.............
#..###..#######
#..# # #..#
....#####..###
.......÷..(..#
#...#####..#>#
# #####..#.#


You could see a centaur.

Vanquished Creatures
  The ghost of paul the Carver, a novice FoFi of Uskayaw (D:7)
  Pikel (D:5)
  Prince Ribbit (D:6)
  The ghost of veccon the Shield-Bearer, an amateur MiFi (D:4)
  A hippogriff (D:7)
  Menkaure (Ossuary)
  A water moccasin (D:6)
  Duvessa (D:7)
  A black bear (D:6)
  A phantom (D:4)
  4 slaves (D:5)
  2 centaurs (D:5)
  A necrophage (D:6)
  4 ogres
  2 giant frogs
  Blork the orc (D:6)
  Dowan (D:7)
  A howler monkey (D:4)
  A crimson imp (D:6)
  2 giant frog zombies (D:6)
  A jelly (D:6)
  2 orc priests
  7 orc wizards
  3 iguanas (D:6)
  A giant frog skeleton (D:8)
  Ijyb (D:2)
  3 worker ants
  2 mummies (Ossuary)
  8 gnolls
  12 adders
  3 shadow imps
  2 oozes
  3 worms
  3 dart slugs
  5 giant geckos
  48 orcs
  A ball python (D:2)
  7 giant cockroaches
  6 gnoll zombies (Ossuary)
  5 goblins
  7 hobgoblins
  5 jackals
  12 kobolds
  4 quokkas
  10 bats
  8 giant newts
  2 gnoll skeletons (Ossuary)
  2 goblin skeletons (Ossuary)
  3 goblin zombies (Ossuary)
  3 hobgoblin skeletons (Ossuary)
  2 hobgoblin zombies (Ossuary)
  A jackal skeleton (D:6)
  4 kobold skeletons (Ossuary)
  2 kobold zombies (Ossuary)
  3 orc skeletons (Ossuary)
  2 orc zombies (Ossuary)
  A quokka skeleton (D:6)
  6 rats
  2 rat skeletons (Ossuary)
  3 rat zombies (Ossuary)
234 creatures vanquished.

Vanquished Creatures (others)
  The ghost of badrng the Destroyer, a novice HECj of Okawaru (D:8)
  A mummy (Ossuary)
  A gnoll skeleton (Ossuary)
  2 goblin skeletons (Ossuary)
  A goblin zombie (Ossuary)
  2 kobold skeletons (Ossuary)
  A kobold zombie (Ossuary)
  2 orc skeletons (Ossuary)
  4 orc zombies (Ossuary)
  2 rat skeletons (Ossuary)
  A rat zombie (Ossuary)
  A fulminant prism (D:8)
19 creatures vanquished.

Grand Total: 253 creatures vanquished

Notes
Turn   | Place    | Note
-------+----------+-------------------------------------------
     0 | D:1      | rageheart7 the Ghoul Monk began the quest for the Orb.
     0 | D:1      | Reached XP level 1. HP: 19/19 MP: 0/0
   222 | D:1      | Reached XP level 2. HP: 20/26 MP: 1/1
   245 | D:1      | Reached skill level 4 in Unarmed Combat
   561 | D:1      | Reached XP level 3. HP: 24/31 MP: 2/2
  1051 | D:2      | Noticed Ijyb
  1069 | D:2      | Killed Ijyb
  1069 | D:2      | Reached skill level 5 in Unarmed Combat
  1069 | D:2      | Reached XP level 4. HP: 25/38 MP: 3/3
  1508 | D:2      | Found an iron altar of Okawaru.
  1819 | D:3      | Reached XP level 5. HP: 44/45 MP: 4/4
  1869 | D:3      | Reached skill level 6 in Unarmed Combat
  2088 | D:3      | Found a stormy altar of Qazlal.
  2162 | D:3      | Noticed an ogre
  2171 | D:3      | Killed an ogre
  2171 | D:3      | Reached XP level 6. HP: 24/51 MP: 5/5
  2688 | D:4      | Reached skill level 7 in Unarmed Combat
  3179 | D:4      | Noticed veccon's ghost (amateur MiFi)
  3599 | D:4      | Reached XP level 7. HP: 30/57 MP: 6/6
  4092 | D:4      | Reached skill level 8 in Unarmed Combat
  4177 | D:5      | Entered Level 5 of the Dungeon
  4304 | D:5      | Found a blossoming altar of Fedhas.
  4341 | D:5      | Noticed Pikel
  4358 | D:5      | Killed Pikel
  4358 | D:5      | Reached skill level 5 in Stealth
  4358 | D:5      | Reached skill level 9 in Unarmed Combat
  4358 | D:5      | Reached XP level 8. HP: 41/63 MP: 7/7
  4545 | D:5      | Identified the Catalogue of Fiery Calling
  4578 | D:5      | Reached skill level 10 in Unarmed Combat
  4627 | D:5      | Found a glowing golden altar of the Shining One.
  4631 | D:5      | Found a hide-covered altar of Uskayaw.
  4633 | D:5      | Found a basalt altar of Yredelemnul.
  4634 | D:5      | Found an ancient bone altar of Kikubaaqudgha.
  4755 | D:5      | Found a shadowy altar of Dithmenos.
  5029 | D:5      | Found an opulent altar of Gozag.
  5363 | D:2      | Became a worshipper of Warmaster Okawaru
  5363 | D:2      | Reached * piety under Okawaru
  5363 | D:2      | Reached ** piety under Okawaru
  5393 | D:4      | Killed veccon's ghost
  5393 | D:4      | Reached skill level 11 in Unarmed Combat
  5501 | D:6      | Reached XP level 9. HP: 37/71 MP: 8/8
  5506 | D:6      | Noticed Prince Ribbit
  5603 | D:6      | Noticed Blork the orc
  5612 | D:6      | Killed Blork the orc
  5670 | D:6      | Found a sand-covered staircase.
  5709 | Ossuary  | Entered an ossuary
  5978 | Ossuary  | Noticed Menkaure
  5983 | Ossuary  | Killed Menkaure
  6158 | D:6      | Found a glowing silver altar of Zin.
  6308 | D:6      | Reached *** piety under Okawaru
  6308 | D:6      | Reached skill level 12 in Unarmed Combat
  7090 | D:6      | Killed Prince Ribbit
  7090 | D:6      | Reached skill level 5 in Fighting
  7292 | D:7      | Noticed paul's ghost (novice FoFi)
  7312 | D:7      | Killed paul's ghost
  7312 | D:7      | Reached **** piety under Okawaru
  7442 | D:7      | Found a staircase to the Ecumenical Temple.
  7451 | D:7      | Reached skill level 13 in Unarmed Combat
  7451 | D:7      | Reached XP level 10. HP: 50/84 MP: 9/9
  7610 | D:7      | Found a runed door.
  7720 | D:7      | Noticed Duvessa
  7737 | D:7      | Noticed Dowan
  7745 | D:7      | Killed Duvessa
  7785 | D:7      | Killed Dowan
  7862 | D:7      | Found a roughly hewn altar of Beogh.
  8126 | D:8      | Noticed badrng's ghost (novice HECj)
  8159 | D:8      | Killed badrng's ghost
  8178 | D:8      | Shot with an arrow by a centaur

Vault maps used:
D:1:      lightli_arrival_noodles, st_stairs_8, minmay_ruptured
D:2:      overflow_temple_1_default, minmay_misc_feat_chi, uniq_iyjb
D:3:      grunt_qazlal_clouds
D:4:      wad_pebble_path, first_bread
D:5:      grunt_dithmenos_shadows, minitemple, marbit_many_paths, basic_altar,
          uniq_pikel
D:6:      zin_scriptorium, nicolae_ossuary_entry_monument, uniq_blork_the_orc,
          uniq_prince_ribbit1
D:7:      hangedman_decor_push, lightli_church_of_beogh, uniq_menkaure,
          uniq_duvessa
D:8:      nicolae_overflow_crystal_walls, uniq_erica
Ossuary:  ossuary_due_pyramid

Skill      XL: |  1  2  3  4  5  6  7  8  9 10 |
---------------+-------------------------------+-----
Unarmed Combat | 4 5 6 7 9 11 13 | 13.3
Stealth        | 3 4 5 |  5.3
Fighting       | 4 6 7 |  7.8
Armour         | |  0.5
Dodging        | |  2.9

Action                   |  1- 3 |  4- 6 |  7- 9 | 10-12 || total
-------------------------+-------+-------+-------+-------++-------
Melee: Unarmed           |    91 |   218 |   340 |    98 ||   747
Invok: Heroism           |       |       |     1 |     3 ||     4
  Use: Scroll            |     3 |     7 |     8 |     2 ||    20
       Potion            |       |     1 |     3 |     4 ||     8
 Stab: Sleeping          |     2 |     8 |     7 |     2 ||    19
       Distracted        |       |       |     4 |       ||     4
  Eat: Chunk             |     1 |     8 |    10 |     1 ||    20
       Pizza             |       |       |     1 |       ||     1
       Royal jelly       |       |       |     1 |       ||     1
Armor: Robe              |     5 |       |       |       ||     5
       Leather armour    |     7 |    44 |    37 |     8 ||    96
Dodge: Dodged            |    46 |   117 |   118 |    42 ||   323
Block: Buckler           |     4 |    35 |    19 |    12 ||    70
